 Dungeon Crawl Stone Soup version 0.20.1-1-g8b1a95d (console) character file.

77 vuolankoinen the Sneak (level 4, 0/29 HPs)
             Began as an Octopode Wizard on Nov 20, 2017.
             Succumbed to an adder's poison
             ... on level 3 of the Dungeon.
             The game lasted 00:07:19 (1937 turns).

vuolankoinen the Sneak (Octopode Wizard)            Turns: 1937, Time: 00:07:20

Health: 0/29       AC:  1    Str:  3 (6)  XL:     4   Next: 34%
Magic:  2/9        EV: 13    Int: 20 (21) God:
Gold:   104        SH:  0    Dex: 10      Spells: 9/10 levels left

rFire    . . .     SeeInvis .   d - +0 dagger
rCold    . . .     Gourm    .   (no shield)
rNeg     . . .     Faith    .   a - +0 hat
rPois    .         Spirit   .   (no amulet)
rElec    .         Reflect  .   h - ring of stealth
rCorr    .         Harm     .   (no ring)
MR       .....                  (no ring)
Stlth    ++++......             (no ring)
Regen    0.1/turn               (no ring)
MPRegen  0.2/turn               (no ring)
                                (no ring)
                                (no ring)

@: lethally poisoned (0 -> -4), very slightly contaminated, invisible
A: almost no armour, stealthy swim, amphibious, 8 rings, constrict 8, camouflage
1, gelatinous body 1
a: no special abilities


You were on level 3 of the Dungeon.
You were not hungry.

You visited 1 branch of the dungeon, and saw 3 of its levels.

You collected 104 gold pieces.

Inventory:

Hand Weapons
 d - a +0 dagger (weapon)
Armour
 a - a +0 hat (worn)
Jewellery
 h - a ring of stealth (left tentacle)
Scrolls
 e - 2 scrolls of magic mapping {unknown}
 f - 3 scrolls of identify {unknown}
 g - a scroll of enchant armour {unknown}
 k - 2 scrolls of remove curse {unknown}
 l - a scroll of immolation {unknown}
 m - a scroll of fear {unknown}
 n - a scroll of amnesia {unknown}
Books
 b - a book of Minor Magic

   Spells                             Type                      Level
   a - Magic Dart                     Conjuration                  1
   b - Blink                          Translocation                2
   c - Call Imp                       Summoning                    2
   d - Slow                           Hexes                        2
   e - Conjure Flame                  Conjuration/Fire             3
   f - Mephitic Cloud                 Conjuration/Poison/Air       3
Comestibles
 c - 2 bread rations


   Skills:
 * Level 1.8 Fighting
 + Level 0.4 Short Blades
 + Level 2.4 Dodging
 + Level 3.7 Stealth
 + Level 3.6 Spellcasting
 + Level 1.1 Conjurations
   Level 1.0 Summonings
   Level 1.0 Translocations


You had 9 spell levels left.
You knew the following spells:

 Your Spells              Type           Power        Failure   Level  Hunger
a - Magic Dart            Conj           #...         9%          1    None


Dungeon Overview and Level Annotations

Branches:
Dungeon (3/15)

Altars:

Annotations:
D:2 exclusion: 2 adders


Innate Abilities, Weirdness & Mutations

You cannot wear most types of armour.
You are very stealthy in the water. (Stealth+)
You are amphibious.
You can wear up to eight rings at the same time.
You can use your tentacles to constrict eight enemies at once.
Your skin changes colour to match your surroundings (Stealth+).
Your rubbery body absorbs attacks. (AC +1, EV +1)


Message History

There is a stone staircase leading up here.
* * * LOW HITPOINT WARNING * * *
You feel sick.
Found a hunting sling.
Found a stone staircase leading up.
The helpless bat fails to defend itself.
You puncture the bat!
You kill the bat!
* * * LOW HITPOINT WARNING * * *
You feel sick.
Found a stone staircase leading down.
The helpless bat fails to defend itself.
You puncture the bat!
You kill the bat!
* * * LOW HITPOINT WARNING * * *
You feel sick.
Found an escape hatch in the ceiling.
You see here a bat corpse.
An orc comes into view. It is wielding a war axe.
An orc comes into view. It is wielding a hand axe.
You die...

##......o.!
#.........##.
#..........o.
#..<.........
##...........#
#<.........###
#.#...........
#.....@.......
#..........###
#..........#
#..†...)...#
#†.........#
##.#.....>...#
#..##.....##.#
#<###..#### ..
#.# #.##


You could see 2 orcs.

Vanquished Creatures
  3 adders
  4 dart slugs
  A leopard gecko (D:2)
  A giant cockroach (D:1)
  5 goblins (D:1)
  5 hobgoblins
  A quokka (D:2)
  8 bats
  3 frilled lizards (D:2)
  4 kobolds
  6 rats
41 creatures vanquished.

Notes
Turn   | Place    | Note
-------+----------+-------------------------------------------
     0 | D:1      | vuolankoinen the Octopode Wizard began the quest for the Orb.
     0 | D:1      | Reached XP level 1. HP: 11/11 MP: 4/4
   280 | D:1      | Reached XP level 2. HP: 17/17 MP: 6/6
   823 | D:2      | Reached XP level 3. HP: 16/22 MP: 8/8
  1310 | D:2      | Reached skill level 1 in Fighting
  1565 | D:2      | Reached XP level 4. HP: 4/28 MP: 4/9
  1934 | D:3      | HP: 1/29 [poisoned by an adder]
  1937 | D:3      | Succumbed to an adder's poison

Skill      XL: |  1  2  3 |
---------------+----------+-----
Stealth        | 3 |  3.7
Fighting       | 1 |  1.8
Short Blades   | |  0.4
Dodging        | |  2.4
Spellcasting   | |  3.6
Conjurations   | |  1.1
Summonings     | |  1.0
Translocations | |  1.0

Action                   |  1- 3 |  4- 6 || total
-------------------------+-------+-------++-------
Melee: Dagger            |    90 |    10 ||   100
       Unarmed           |     6 |       ||     6
       Constrict         |    21 |     2 ||    23
       Tentacles         |    16 |       ||    16
 Cast: Magic Dart        |    13 |    17 ||    30
  Use: Potion            |     2 |     1 ||     3
 Stab: Sleeping          |     5 |     2 ||     7
       Invisible         |       |     1 ||     1
  Eat: Chunk             |     2 |     1 ||     3
Armor: Skin              |    26 |     1 ||    27
Dodge: Dodged            |    90 |    10 ||   100
